 Dungeon Crawl Stone Soup version 0.30-a0-722-g3e6e8c874d (webtiles) character file.

Game seed: 218823288448446936

2479 testman the Slasher (level 9, -7/68 (69) HPs)
             Began as a Demonspawn Gladiator on Jan 27, 2023.
             Was a Follower of Kikubaaqudgha.
             Mangled by a hornet (12 damage)
             ... while paralysed by a hornet
             ... on level 7 of the Dungeon.
             The game lasted 00:20:15 (6274 turns).

testman the Slasher (Demonspawn Gladiator)          Turns: 6274, Time: 00:20:16

HP:   -7/68 (69)    AC: 12    Str: 15    XL:     9   Next: 27%
MP:   5/9           EV:  2    Int:  9    God:    Kikubaaqudgha [*.....]
Gold: 538           SH:  0    Dex: 19    Spells: 1/8 levels left

rFire   + . .      SeeInvis .    J - +11 Screaming Sword {sonic wave}
rCold   . . .      Faith    .    i - +0 buckler
rNeg    + . .      Spirit   .    M - +2 leather armour {rN+}
rPois   .          Reflect  .    (helmet restricted)
rElec   .          Harm     .    B - +2 cloak
rCorr   .          Rampage  .    (no gloves)
Will    .....                    (no boots)
Stlth   ++                       q - amulet of regeneration
HPRegen 1.11/turn                o - ring of protection from fire
MPRegen 0.11/turn                G - +4 ring of protection

@: paralysed, lethally poisoned (-7 -> -9), animating dead, lightly drained
A: antennae 2, foul stench 1, sturdy frame 2
a: Renounce Religion, Unearth Wretches


You were on level 7 of the Dungeon.
You worshipped Kikubaaqudgha.
Kikubaaqudgha was aware of your devotion.
You visited 2 branches of the dungeon, and saw 8 of its levels.

You collected 538 gold pieces.

Inventory:

Hand Weapons
 a - a +0 long sword
 t - a +1 sling of freezing
 J - the +11 Screaming Sword (weapon) {sonic wave}
   (You found it on level 6 of the Dungeon)
Missiles
 d - 3 throwing nets
 e - 8 javelins (quivered)
 r - 4 silver javelins
 y - 12 poisoned darts
 I - 5 boomerangs
Armour
 i - a +0 buckler (worn)
 B - a +2 cloak (worn)
 M - a +2 leather armour of positive energy (worn)
Jewellery
 l - a ring of positive energy
 o - a ring of protection from fire (left hand)
 q - an amulet of regeneration (around neck)
 G - a +4 ring of protection (right hand)
Wands
 v - a wand of iceblast (18)
 w - a wand of digging (6)
Scrolls
 c - a scroll of vulnerability {unknown}
 g - 8 scrolls of identify {unknown}
 h - 2 scrolls of immolation {unknown}
 j - 3 scrolls of teleportation {unknown}
 m - 2 scrolls of magic mapping {unknown}
 n - 2 scrolls of enchant armour {unknown}
 p - 3 scrolls of amnesia {unknown}
 E - a scroll of summoning {unknown}
 H - a scroll of fog {unknown}
 K - a scroll of blinking {unknown}
Potions
 f - 2 potions of invisibility
 k - 2 potions of flight
 s - 2 potions of attraction {unknown}
 u - a potion of curing
 x - 2 potions of degeneration {unknown}
 z - a potion of ambrosia {unknown}
 C - a potion of lignification {unknown}
 D - a potion of might {unknown}
 F - a potion of magic {unknown}


   Skills:
 - Level 5.6 Fighting
 + Level 5.7 Long Blades
 - Level 4.4 Throwing
 - Level 5.4 Dodging
 - Level 4.0 Shields
 + Level 5.7 Necromancy


You had one spell level left.
You knew the following spells:

 Your Spells              Type           Power      Damage    Failure   Level
a - Necrotise             Necr           40%        1d6       4%          1
b - Sublimation of Blood  Necr           10%        N/A       8%          2
c - Animate Dead          Necr           10%        N/A       45%         4

Your spell library contained the following spells:

 Spells                   Type           Power      Damage    Failure   Level
 Kiss of Death            Conj/Necr      20%        2d7       16%         1
 Magic Dart               Conj           0%         1d3       45%         1
 Vampiric Draining        Necr           10%        2d6       16%         3
 Call Imp                 Summ           0%         N/A       61%         2
 Mephitic Cloud           Conj/Pois/Air  0%         N/A       83%         3
 Ozocubu's Armour         Ice            0%         N/A       83%         3
 Airstrike                Air            0%         2d(0-16)  99%         4
 Summon Lightning Spire   Summ/Air       0%         N/A       99%         4
 Borgnjor's Vile Clutch   Necr/Erth      2%         N/A       99%         5
 Freezing Cloud           Conj/Ice/Air   0%         6-21      100%        5
 Lightning Bolt           Conj/Air       0%         1d11      100%        5
 Metabolic Englaciation   Hex/Ice        0%         N/A       100%        5
 Death Channel            Necr           5%         N/A       100%        6
 Simulacrum               Ice/Necr       2%         N/A       100%        6
 Polar Vortex             Ice            0%         N/A       100%        9


Dungeon Overview and Level Annotations

Branches:
Dungeon (7/15)             Temple (1/1) D:6

Altars:
Ashenzari
Cheibriados
Dithmenos
Fedhas
Gozag
Hepliaklqana
Kikubaaqudgha
Nemelex Xobeh
Qazlal
Ru
Sif Muna
Trog
Uskayaw
Vehumet
Wu Jian
Xom
Yredelemnul

Annotations:
D:7 1 transporter, wormed's ghost, novice DsFE


Innate Abilities, Weirdness & Mutations

You have a pair of antennae on your head.
You may rarely emit foul miasma when damaged in melee.
Your movements are less encumbered by armour. (ER -4)


Message History

You block the ice beast's attack. The orc warrior closely misses you.
The acid dragon is engulfed in dark miasma.
The acid dragon bites you but does no damage.
The acid dragon misses you. The hornet barely misses you.
The ice beast misses you. The orc warrior closely misses you.
The acid dragon is engulfed in dark miasma.
You kill the acid dragon!
Kikubaaqudgha accepts your kill.
The dead are flying!
Really attack near your acid dragon zombie?
Okay, then.
Really attack near your acid dragon zombie?
You closely miss the hornet.
The hornet is almost dead.
You feel yourself speed up.
You feel very sick.
The water moccasin hisses angrily.
The hornet closely misses you. x2; The ice beast closely misses you.
The orc warrior hits you with a +0 falchion!
* * * LOW HITPOINT WARNING * * *
Your acid dragon zombie bites the orc warrior.
Your acid dragon zombie claws the orc warrior but does no damage.
The hornet closely misses you.
Wormed's ghost hits you but does no damage.
The ice beast barely misses you. The orc warrior misses you.
Okay, then.
Okay, then.
You feel better. The hornet stings you!
* * * LOW HITPOINT WARNING * * *
You are poisoned.
You suddenly lose the ability to move!
Your acid dragon zombie bites the orc warrior.
Your acid dragon zombie claws the orc warrior but does no damage.
The ice beast hits you but does no damage.
Wormed's ghost barely misses you.
The orc warrior hits you but does no damage.
You feel very sick. The hornet stings you!
You die...
Kikubaaqudgha rasps: "You have failed me!
Welcome... death!"

. { ##.........<...#########
#. ##.......................
#. #.......©................
#.##...#########...#######.#
#..#..##8.....8##..#####...#
#.#..#©........#........###
#....#..#..)#..#...########
#....#.#.YyW.#.#...# #...
#....#....@o...#..######.##
#....#.#....Z#.#..##.....##
##...#..#...#.[#..#...#####
##....#.........#..#.#.# #
#.....##8..)$.8##......# #
##.....#########.....#.# #
##........©.........#.##
#.....................####
#########..##.###..#......


You could see a hornet (ally target), an orc warrior, an ice beast, wormed's
ghost and a friendly acid dragon zombie.

Vanquished Creatures
  A hornet (D:6)
  A water moccasin (D:5)
  An acid dragon (D:7)
  2 ice beasts (D:6)
  2 black bears
  3 ogres
  A phantom (D:6)
  A centaur (D:7)
  A kobold brigand (D:7)
  4 scorpions
  2 bullfrogs (D:7)
  3 necrophages
  3 wights (D:6)
  3 hounds
  2 jellies
  An orc priest (D:3)
  A gnoll bouda (D:7)
  2 iguanas (D:6)
  12 gnolls
  8 adders
  2 ufetubi
  2 worms
  6 dart slugs
  8 orcs
  8 ball pythons
  5 endoplasms
  4 giant cockroaches
  7 goblins
  5 hobgoblins
  3 quokkas
  14 bats
  4 frilled lizards
  7 kobolds
  4 rats
133 creatures vanquished.

Vanquished Creatures (others)
  5 fungi (D:6)
5 creatures vanquished.

Grand Total: 138 creatures vanquished

Notes
Turn   | Place    | Note
-------+----------+-------------------------------------------
     0 | D:1      | testman the Demonspawn Gladiator began the quest for the
                  | Orb.
     0 | D:1      | Reached XP level 1. HP: 16/16 MP: 1/1
   164 | D:1      | Gained mutation: You have a pair of small antennae on your
                  | head. [demonic ancestry]
   164 | D:1      | Reached XP level 2. HP: 18/22 MP: 2/2
   308 | D:1      | Found a faded altar of an unknown god.
   654 | D:1      | Reached skill level 1 in Shields
  1030 | D:2      | Gained mutation: Your movements are slightly less
                  | encumbered by armour. (ER -2) [demonic ancestry]
  1030 | D:2      | Reached XP level 3. HP: 28/28 MP: 3/3
  1367 | D:2      | Identified the +11 mace of Tumm {venom, rElec rN+ Str+2
                  | Int-4}
  1650 | D:3      | Gained mutation: You have a pair of antennae on your head.
                  | [demonic ancestry]
  1650 | D:3      | Reached XP level 4. HP: 33/34 MP: 4/4
  1682 | D:3      | Found a shimmering altar of Xom.
  1780 | D:3      | Found a shimmering blue altar of Sif Muna.
  2042 | D:3      | Gained mutation: You may rarely emit foul miasma when
                  | damaged in melee. [demonic ancestry]
  2042 | D:3      | Reached XP level 5. HP: 39/39 MP: 5/5
  2328 | D:3      | Found a sacrificial altar of Ru.
  2588 | D:4      | Found a radiant altar of Vehumet.
  2821 | D:4      | Found a shadowy altar of Dithmenos.
  2833 | D:4      | Reached XP level 6. HP: 46/47 MP: 6/6
  3348 | D:5      | Entered Level 5 of the Dungeon
  3593 | D:5      | Gained mutation: Your movements are less encumbered by
                  | armour. (ER -4) [demonic ancestry]
  3593 | D:5      | Reached XP level 7. HP: 44/54 MP: 7/7
  4450 | D:6      | Found a staircase to the Ecumenical Temple.
  4457 | D:6      | Reached skill level 5 in Fighting
  4467 | D:6      | Reached skill level 5 in Dodging
  4467 | D:6      | Reached XP level 8. HP: 62/62 MP: 8/8
  4490 | Temple   | Entered the Ecumenical Temple
  4757 | Temple   | Became a worshipper of Kikubaaqudgha
  4868 | D:6      | Reached skill level 1 in Necromancy
  5496 | D:6      | Noticed a hornet
  5496 | D:6      | Found the +11 Singing Sword {sonic wave}
  5499 | D:6      | Paralysed by a hornet for 2 turns
  5505 | D:6      | Killed a hornet
  5626 | D:7      | Reached skill level 5 in Long Blades
  5626 | D:7      | Reached XP level 9. HP: 69/69 MP: 9/9
  5630 | D:7      | Reached * piety under Kikubaaqudgha
  5630 | D:7      | Received a gift from Kikubaaqudgha
  5631 | D:7      | Reached skill level 5 in Necromancy
  5633 | D:7      | Learned a level 1 spell: Necrotise
  5636 | D:7      | Learned a level 2 spell: Sublimation of Blood
  5641 | D:7      | Learned a level 4 spell: Animate Dead
  5854 | D:7      | Noticed wormed's ghost (novice DsFE)
  5854 | D:7      | Found a transporter.
  6174 | D:7      | Found a transporter.
  6268 | D:7      | Paralysed by a hornet for 3 turns
  6273 | D:7      | Paralysed by a hornet for 3 turns
  6274 | D:7      | Mangled by a hornet

Illustrated notes

Levels and vault maps discovered:
D:1:      minmay_arrival_plants_in_alcoves, layout_basic,
          hellmonk_ecumenical_altar_arch_garden, serial_forest,
          infiniplex_forest_end_1, infiniplex_forest_side_room,
          infiniplex_forest_straight_2, infiniplex_forest_straight_1,
          infiniplex_forest_straight_2, minmay_misc_feat_room, fountainhead
D:2:      layout_loops_ring, serial_glass, glass_columns_a, glass_columns_a,
          minmay_circled_x
D:3:      layout_basic, nicolae_ru_the_path_less_chosen, lemuel_round_altar,
          xom_butterflies, chequers_serial_rivers_room_a, chequers_big_river,
          hangedman_decor_push, minmay_box_of_dots
D:4:      layout_loops_corners, mainiacjoe_overflow_six_doors_small,
          mainiacjoe_overflow_alcove_4, mainiacjoe_overflow_surrounded_room,
          nicolae_dithmenos_the_darkroom, st_stairs_11
D:5:      layout_loops_corners
D:6:      old_forge, layout_basic, minmay_temple_entry_grid, minivault_10
D:7:      layout_rooms, gammafunk_ghost_arena
Temple:   oiseaux_autumnal_temple

Skill      XL: |  1  2  3  4  5  6  7  8  9 |
---------------+----------------------------+-----
Throwing       | 2 4 |  4.4
Long Blades    | 3 5 |  5.7
Shields        | 1 2 3 4 |  4.0
Dodging        | 3 4 5 |  5.4
Fighting       | 3 4 5 |  5.6
Necromancy     | 4 5 |  5.7

Action                     |  1- 3 |  4- 6 |  7- 9 || total
---------------------------+-------+-------+-------++-------
  Melee: Long sword        |    95 |       |       ||    95
         Mace              |    10 |    73 |    96 ||   179
         Double sword      |       |       |    19 ||    19
  Throw: Javelin           |     1 |     4 |     2 ||     7
   Cast: Animate Dead      |       |       |     1 ||     1
         Necrotise         |       |       |     1 ||     1
    Use: Potion            |       |       |     4 ||     4
   Stab: Sleeping          |     1 |     2 |       ||     3
         Invisible         |       |       |     1 ||     1
 Armour: Leather armour    |    36 |     6 |    13 ||    55
         Chain mail        |       |       |    57 ||    57
         Ring mail         |       |       |     6 ||     6
  Dodge: Dodged            |    61 |    45 |    91 ||   197
  Block: Buckler           |    12 |    19 |    38 ||    69

Table legend: (Time is in decaauts)
 A = Elapsed time spent in this place.
 B = Non-inter-level travel time spent in this place.
 C = Inter-level travel time spent in this place.
 D = Time resting spent in this place.
 E = Time spent auto-exploring this place.
 F = Levels seen in this place.
 G = Mean time per level.
                   A        B        C        D        E       F      G
               +--------+--------+--------+--------+--------+-----+--------+
         Total |   6409 |   5861 |    548 |     70 |   4760 |   8 |  801.1 |
       Dungeon |   6105 |   5610 |    495 |     70 |   4522 |   7 |  872.1 |
        Temple |    303 |    251 |     52 |      0 |    238 |   1 |  303.0 |
               +--------+--------+--------+--------+--------+-----+--------+

Top non-repeatable levels by time:
     D:5: 1081 daAuts
     D:6: 1081 daAuts
     D:3: 1067 daAuts
     D:4: 894 daAuts
     D:1: 780 daAuts
     D:2: 735 daAuts
     D:7: 465 daAuts
  Temple: 303 daAuts
